 Dungeon Crawl Stone Soup version 0.28-a0-1080-g05a166d0ed (webtiles) character file.

Game seed: 1109793728677305899

95 ytrimaz the Insei (level 4, 0/29 HPs)
             Began as an Octopode Transmuter on Dec 10, 2021.
             Slain by an orc wizard (3 damage)
             ... on level 3 of the Dungeon.
             The game lasted 00:02:14 (3101 turns).

ytrimaz the Insei (Octopode Transmuter)             Turns: 3101, Time: 00:02:15

Health: 0/29       AC:  1    Str:  9    XL:     4   Next: 65%
Magic:  7/8        EV: 13    Int: 17    God:
Gold:   66         SH:  0    Dex: 12    Spells: 2/8 levels left

rFire   . . .      SeeInvis .     - Unarmed
rCold   . . .      Faith    .   (no shield)
rNeg    . . .      Spirit   .   (helmet restricted)
rPois   .          Reflect  .   (no amulet)
rElec   .          Harm     .   (no ring)
rCorr   .          Rampage  .   (no ring)
Will    .....                   (no ring)
Stlth   ++........              (no ring)
HPRegen 0.09/turn               (no ring)
MPRegen 0.11/turn               (no ring)
                                (no ring)
                                (no ring)

@: confused, wereblooded
A: almost no armour, amphibious, 8 rings, camouflage 1, gelatinous body 1,
(nimble swimmer 1), tentacles
a: no special abilities


You were on level 3 of the Dungeon.
You visited 1 branch of the dungeon, and saw 3 of its levels.

You collected 66 gold pieces.

Inventory:

Jewellery
 d - a ring of flight
Wands
 a - a wand of mindburst (11)
Scrolls
 b - a scroll of noise
Potions
 c - a potion of ambrosia
 f - a potion of lignification {unknown}


   Skills:
 * Level 2.0 Fighting
 - Level 2.0 Dodging
 + Level 3.6 Unarmed Combat
 * Level 2.8 Spellcasting
 * Level 3.0 Transmutations


You had 2 spell levels left.
You knew the following spells:

 Your Spells              Type           Power      Damage    Failure   Level
a - Beastly Appendage     Tmut           24%        N/A       5%          1
b - Wereblood             Tmut           12%        N/A       8%          2
c - Spider Form           Tmut/Pois      7%         N/A       28%         3

Your spell library contained the following spells:

 Spells                   Type           Power      Damage    Failure   Level
 Ice Form                 Ice/Tmut       7%         N/A       67%         4


Dungeon Overview and Level Annotations

Branches:
Dungeon (3/15)

Altars:


Innate Abilities, Weirdness & Mutations

You cannot wear most types of armour.
You are amphibious.
You can wear up to eight rings at the same time.
Your skin changes colour to match your surroundings (Stealth+).
Your rubbery body absorbs attacks. (AC +1, EV +1)
((You are camouflaged near water. (Stealth+)))
You have tentacles for arms and can constrict up to eight enemies at once.


Message History

You constrict the orc.
You feel a bit better.
You kill the orc!
The jackal closely misses you. Something hits you.
The jackal barely misses you.
Your Transmutations skill increases to level 3!
You tentacle-slap the orc. You grab the orc. You squeeze the orc.
You feel a bit better.
You kill the orc!
The jackal completely misses you. Something hits you.
Unknown command.
You tentacle-slap the orc. Your grab misses the orc.
The orc is lightly wounded.
The jackal bites you.
* * * LOW HITPOINT WARNING * * *
The orc misses you. Something completely misses you.
You closely miss the orc. Your grab misses the orc.
The jackal barely misses you. The orc hits you with a +0 whip.
* * * LOW HITPOINT WARNING * * *
Something hits you.
* * * LOW HITPOINT WARNING * * *
The jackal closely misses you.
Unknown command.
Unknown command.
You feel better. The jackal closely misses you.
The orc hits you with a +0 whip.
* * * LOW HITPOINT WARNING * * *
Something hits you.
* * * LOW HITPOINT WARNING * * *
Unknown command.
You barely miss the orc. Your grab misses the orc. The jackal bites you.
* * * LOW HITPOINT WARNING * * *
The orc barely misses you.
You hear some strange, mumbled words.
You are confused.
Unknown command.
You closely miss something. The jackal closely misses you.
The orc closely misses you. The jackal bites you.
* * * LOW HITPOINT WARNING * * *
Something hits you.
You die...

## ##......!
#. .........
#. #:.....$.
#. #.....(..
#. #........
#o #........
#o##b.......
#.@ho.$.....
####h#+#####
.>.. ##.#...
#.##### #.#
#.# #.#


You could see 3 orcs, 2 jackals and a bat.

Vanquished Creatures
  2 adders (D:2)
  A worm (D:2)
  6 dart slugs
  3 orcs
  5 ball pythons
  6 endoplasms
  3 giant cockroaches
  6 goblins
  4 hobgoblins
  3 quokkas (D:1)
  4 bats
  A frilled lizard (D:1)
  8 kobolds
  2 rats
54 creatures vanquished.

Notes
Turn   | Place    | Note
-------+----------+-------------------------------------------
     0 | D:1      | ytrimaz the Octopode Transmuter began the quest for the
                  | Orb.
     0 | D:1      | Reached XP level 1. HP: 13/13 MP: 3/3
    14 | D:1      | You fall into a shaft and drop 1 floor!
   153 | D:1      | Reached XP level 2. HP: 8/18 MP: 3/5
   651 | D:1      | Found a faded altar of an unknown god.
   817 | D:1      | Reached XP level 3. HP: 23/23 MP: 4/6
   820 | D:1      | Learned a level 2 spell: Wereblood
   824 | D:1      | Learned a level 3 spell: Spider Form
  1954 | D:2      | Reached XP level 4. HP: 9/29 MP: 7/7
  3098 | D:3      | HP: 1/29 [something (2)]
  3101 | D:3      | Slain by an orc wizard

Illustrated notes

Levels and vault maps discovered:
D:1:      pf_arrival_petrified_forest, layout_loops_ring,
          ebering_ecumenical_altar_box
D:2:      minmay_angry_zag, layout_loops_corners
D:3:      layout_basic, gammafunk_ghost_necromancy, uniq_jessica

Skill      XL: |  1  2  3  4 |
---------------+-------------+-----
Fighting       | 2 |  2.0
Transmutations | 3 |  3.0
Dodging        | |  2.0
Unarmed Combat | |  3.6
Spellcasting   | |  2.8

Action                   |  1- 3 |  4- 6 || total
-------------------------+-------+-------++-------
Melee: Unarmed           |    86 |    43 ||   129
       Constrict         |    23 |    13 ||    36
       Kick              |    17 |     3 ||    20
       Tentacles         |    14 |     7 ||    21
       Punch             |     2 |       ||     2
 Cast: Beastly Appendage |    22 |    10 ||    32
       Wereblood         |       |     1 ||     1
  Use: Scroll            |     2 |     1 ||     3
       Potion            |       |     1 ||     1
 Stab: Sleeping          |     7 |     1 ||     8
Armor: Skin              |     8 |     5 ||    13
Dodge: Dodged            |    49 |    42 ||    91

Table legend: (Time is in decaauts)
 A = Elapsed time spent in this place.
 B = Non-inter-level travel time spent in this place.
 C = Inter-level travel time spent in this place.
 D = Time resting spent in this place.
 E = Time spent auto-exploring this place.
 F = Levels seen in this place.
 G = Mean time per level.
                   A        B        C        D        E       F      G
               +--------+--------+--------+--------+--------+-----+--------+
         Total |   3094 |   3033 |     61 |    116 |   2524 |   3 | 1031.3 |
       Dungeon |   3094 |   3033 |     61 |    116 |   2524 |   3 | 1031.3 |
               +--------+--------+--------+--------+--------+-----+--------+

Top non-repeatable levels by time:
     D:2: 1620 daAuts
     D:1: 1456 daAuts
     D:3: 17 daAuts
